Workbook
Name BedragF: #REF!
Name EuroConv: [1]Parameterblad!$C$1
Name FullFormules: [1]Formules!$A$26:$V$39
Name Geldigheid: [1]Parameterblad!$B$4
Name KredietTypes: [1]Parameterblad!$A$25:$B$26
Name looptijdF: #REF!
Name maandenF: #REF!
Name mensF: #REF!
Name nettorvtF: #REF!
Name UitstelF: #REF!

Sheet Crédit foncier
C2: Simulation crédit habitation
C4: Candidat emprunteur | E4: Demandeur 1 | I4: Demandeur 2 | M4: Gage (Habitation à financer) | Q4: Vente de gré à gré | S4: Valeur | W4: Rachat de prêt | AA4: Valeur
C6: Nom | Q6: Prix d'achat bien existant | S6: 100000 | W6: Montant original prêt
C7: Prénom | Q7: Travaux hors Tva | W7: Solde actuel
C8: Adresse | Q8: Tva 21% sur travaux | S8: =S7*21% -> 0 | W8: Taux dans le temps
C9: Code postal + Ville | Q9: Montant total travaux | S9: =S7+S8 -> 0 | W9: Indemnité de réemploi | AA9: =AA7*AA8*3/12 -> 0
C10: Téléphone | Q10: Fonds propres | W10: Frais de main levée | AA10: =IF(AA6="","",CHOOSE(MATCH(AA6,AE$149:AE$165,1),AF151,AF152,AF153,AF154,AF155,AF156,AF157,AF158,AF159,AF160,AF161,AF162,AF163,AF164,AF165,AF166))
C11: Email | Q11: Montant total de l'achat | S11: =SUM(S6:S9)-S10 -> 100000 | W11: Montant total du rachat | AA11: =SUM(AA7:AA10) -> 0
C13: Crédits en cours | Q13: Construction | S13: Montant | U13: Tva 21% | W13: Total
C15: Type de prêt | E15: Emprunt | G15: Durée | I15: Taux | K15: R'boursement | M15: 1 échéance | O15: Solde | Q15: Devis construction | U15: =S15*21% -> 0 | W15: =S15+U15 -> 0
Q16: Devis terrain | U16: =S16*21% -> 0 | W16: =S16+U16 -> 0
Q17: Devis garage / cave | U17: =S17*21% -> 0 | W17: =S17+U17 -> 0
Q18: Devis terrain garage / cave | U18: =S18*21% -> 0 | W18: =S18+U18 -> 0
Q19: Total terrain garage et ou cave | U19: =S19*21% -> 0 | W19: =S19+U19 -> 0
Q20: Honoraires architecte | U20: =S20*21% -> 0 | W20: =S20+U20 -> 0
Q21: Raccordement égouts | U21: =S21*21% -> 0 | W21: =S21+U21 -> 0
Q22: Fonds propres | W22: =S22 -> 0
E23: =SUM(E17:E22) -> 0 | K23: =SUM(K17:K22) -> 0 | O23: =SUM(O17:O22) -> 0 | Q23: Prix total construction neuve | W23: =SUM(W15:W21)-W22 -> 0
C25: Revenus | E25: Revenus / dépenses | K25: Credit foncier | M25: Elantis | Q25: Frais de notaire | S25: Régions
C27: Revenus net employé (e) | K27: =(E27+G27)*1.1392 -> 0 | M27: =(G27+I27)*1.1392 -> 0 | Q27: Frais d'acte d'achat (Barème J - A.R. 16/12/1950) | S27: Bxl 1 achat | U27: Bruxelles | W27: Wallonie | Y27: Wallonie | AA27: Flandre | AC27: Flandre | AE27: Flandre | AG27: Flandre
C28: Revenus net ouvrier (e)/fonctionnaire | K28: =(E28+G28)*1.1255 -> 0 | M28: =(G28+I28)*1.1255 -> 0
C29: Revenu net indépendant | K29: =E29+G29 -> 0 | M29: =G29+I29 -> 0 | Q29: Enregistrement à | S29: =IF($S$11+$AA$11+$W$23=0,"",12.5%) -> 0.125 | U29: =IF($S$11+$AA$11+$W$23=0,"",12.5%) -> 0.125 | W29: =IF($S$11+$AA$11+$W$23=0,"",12.5%) -> 0.125 | Y29: =IF($S$11+$AA$11+$W$23=0,"",6%) -> 0.06 | AA29: =IF($S$11+$AA$11+$W$23=0,"",10%) -> 0.1 | AC29: =IF($S$11+$AA$11+$W$23=0,"",5%) -> 0.05 | AE29: =IF($S$11+$AA$11+$W$23=0,"",10%) -> 0.1 | AG29: =IF($S$11+$AA$11+$W$23=0,"",5%) -> 0.05
C30: Maladie/invalidité | K30: =E30+G30 -> 0 | M30: =G30 -> 0 | Q30: Abattement enregistrement | S30: =IF($S$11+$AA$11+$W$23=0,"",60000) -> 60000 | U30: =IF($S$11+$AA$11+$W$23=0,"","non") -> non | W30: =IF($S$11+$AA$11+$W$23=0,"","non") -> non | Y30: =IF($S$11+$AA$11+$W$23=0,"","non") -> non | AA30: =IF($S$11+$AA$11+$W$23=0,"",15000) -> 15000 | AC30: =IF($S$11+$AA$11+$W$23=0,"",15000) -> 15000 | AE30: =IF($S$11+$AA$11+$W$23=0,"","non") -> non | AG30: =IF($S$11+$AA$11+$W$23=0,"","non") -> non
C31: Pensions | K31: =E31+G31 -> 0 | M31: =G31 -> 0 | Q31: Droits d'enregistrement | S31: =IF(S6>=60000,(S11-60000)*12.5%,0) -> 5000 | U31: =SUM(S6+AA11)*12.5% -> 12500 | W31: =SUM(S6+AA11)*12.5% -> 12500 | Y31: =SUM(S11+AA11)*6% -> 6000 | AA31: =IF(S11>=15000,(S11-15000)*10%,0) -> 8500 | AC31: =IF(S11>15000,(S11-15000)*5%,0) -> 4250 | AE31: =SUM(S6+AA11)*10% -> 10000 | AG31: =SUM(S6+AA11)*5% -> 5000
C32: Revenus de chômage | K32: =MIN(COUNTA(E32:G32)*275,E32+G32) -> 0 | M32: =IF(AND(A6="",B6>630),630,IF(AND(A6>1000,OR(B6="",B6>630)),1000,IF(AND(A6>850,B6=""),"850"))) -> FALSE | Q32: Honoraires du notaire | S32: =SUM(AA148:AA154) -> 1593.663 | U32: =S32 -> 1593.663 | W32: =S32 -> 1593.663 | Y32: =S32 -> 1593.663 | AA32: =S32 -> 1593.663 | AC32: =S32 -> 1593.663 | AE32: =S32 -> 1593.663 | AG32: =S32 -> 1593.663
C33: Total chèque repas par mois | K33: =MIN(COUNTA(E33:G33)*80,E33+G33) -> 0 | M33: NA | Q33: Frais divers d'acte d'achat | S33: =IF($S$11+$AA$11+$W$23=0,"",900) -> 900 | U33: =IF($S$11+$AA$11+$W$23=0,"",900) -> 900 | W33: =IF($S$11+$AA$11+$W$23=0,"",900) -> 900 | Y33: =IF($S$11+$AA$11+$W$23=0,"",900) -> 900 | AA33: =IF($S$11+$AA$11+$W$23=0,"",900) -> 900 | AC33: =IF($S$11+$AA$11+$W$23=0,"",900) -> 900 | AE33: =IF($S$11+$AA$11+$W$23=0,"",900) -> 900 | AG33: =IF($S$11+$AA$11+$W$23=0,"",900) -> 900
C34: Pens. alim. reçues enfants < 15 ans | K34: =IF((E34+G34)/2>(K27+K28+K29+K30+K31+K32)*0.2,(K27+K28+K29+K30+K31+K32)*0.2,(E34+G34)/2) -> 0 | M34: NA | Q34: Total frais de notaires acte d'achat | S34: =SUM(S31:S33) -> 7493.663 | U34: =SUM(U31:U33) -> 14993.663 | W34: =SUM(W31:W33) -> 14993.663 | Y34: =SUM(Y31:Y33) -> 8493.663 | AA34: =SUM(AA31:AA33) -> 10993.663 | AC34: =SUM(AC31:AC33) -> 6743.663 | AE34: =SUM(AE31:AE33) -> 12493.663 | AG34: =SUM(AG31:AG33) -> 7493.663
C35: Nbr d'enfants < 15 ans - Allocations | K35: =IF((E35+G35)*75>(K27+K28+K29+K30+K31+K32)*0.2,(K27+K28+K29+K30+K31+K32)*0.2,(E35+G35)*75) -> 0 | M35: NA
C36: Valeurs locative existant | K36: =(E36+G36)*0.85 -> 0 | M36: =(G36+E36)*0.8 -> 0 | Q36: Frais d'acte de prêt (Barème G - A.R. 16/12/1950)
C37: Valeurs locative future | K37: =(E37+G37)*0.85 -> 0 | M37: =(G37+E37)*0.8 -> 0
C38: Autres positif | M38: =G38+E38 -> 0 | Q38: Droit d'enregistrement, d'hypothèque et conservation | S38: =(((S6+S9+AA11+W23)*110%*1.3%))+300 -> 1730 | U38: =(((U6+U9+AC11+Y23)*110%*1.3%))+300 -> 300 | W38: =(((W6+W9+AE11+AA23)*110%*1.3%))+300 -> #VALUE! | Y38: =(((Y6+Y9+AG11+AC23)*110%*1.3%))+300 -> 300 | AA38: =(((AA6+AA9+AI11+AE23)*110%*1.3%))+300 -> 300 | AC38: =(((AC6+AC9+AK11+AG23)*110%*1.3%))+300 -> 300 | AE38: =(((AE6+AE9+AM11+AI23)*110%*1.3%))+300 -> 300 | AG38: =(((AG6+AG9+AO11+AK23)*110%*1.3%))+300 -> 300
C39: Pension alimentaire payée | K39: =E39+G39 -> 0 | M39: =G39+E39 -> 0 | Q39: Honoraires du notaire | S39: =SUM(AA156:AA162) -> 651.7152 | U39: =S39 -> 651.7152 | W39: =S39 -> 651.7152 | Y39: =S39 -> 651.7152 | AA39: =S39 -> 651.7152 | AC39: =S39 -> 651.7152 | AE39: =S39 -> 651.7152 | AG39: =S39 -> 651.7152 | AK39: Enoncé
C40: Autres négatif | K40: =E40+G40 -> 0 | M40: =G40+E40 -> 0 | Q40: Frais divers d'acte de crédit | S40: =IF($S$11+$AA$11+$W$23=0,"",1000) -> 1000 | U40: =S40 -> 1000 | W40: =S40 -> 1000 | Y40: =S40 -> 1000 | AA40: =S40 -> 1000 | AC40: =S40 -> 1000 | AE40: =S40 -> 1000 | AG40: =S40 -> 1000 | AK40: Considérer le montant perçu avec un maximum de:
C41: Crédits en cours à racheter | K41: =E41+G41 -> 0 | M41: =G41+E41 -> 0 | Q41: Total frais de notaires acte de prêt | S41: =SUM(S38:S40) -> 3381.7152 | U41: =S41 -> 3381.7152 | W41: =S41 -> 3381.7152 | Y41: =S41 -> 3381.7152 | AA41: =S41 -> 3381.7152 | AC41: =S41 -> 3381.7152 | AE41: =S41 -> 3381.7152 | AG41: =S41 -> 3381.7152 | AK41: 630 mois pour cohabitant
C42: Crédits en cours non rachetés | K42: =E42+G42 -> 0 | M42: =G42+E42 -> 0 | AK42: 1000 mois pour chef de famille
C43: Total revenus | E43: =SUM(E27:E36)-E39-E40-E41-E42 -> 0 | G43: =SUM(G27:G36)-G39-G40-G41-G42 -> 0 | I43: =SUM(I27:I36)-I39-I40-I41-I42 -> 0 | K43: =SUM(K27:K38)-K39-K40-K41-K42 -> 0 | M43: =SUM(M27:M38)-M39-M40-M41-M42 -> 0 | Q43: Total frais de notaire | S43: =S41+S34 -> 10875.378 | U43: =U41+U34 -> 18375.378 | W43: =W41+W34 -> 18375.378 | Y43: =Y41+Y34 -> 11875.378 | AA43: =AA41+AA34 -> 14375.378 | AC43: =AC41+AC34 -> 10125.378 | AE43: =AE41+AE34 -> 15875.378 | AG43: =AG41+AG34 -> 10875.378 | AK43: 850 mois pour un isolé
Q44: Montant achat bien/ construction / travaux | S44: =S11+W23+AA11 -> 100000 | U44: =S11+AA11+W23 -> 100000 | W44: =S11+W23+AA11 -> 100000 | Y44: =S11+AA11+W23 -> 100000 | AA44: =S11+W23+AA11 -> 100000 | AC44: =S11+W23+AA11 -> 100000 | AE44: =S11+W23+AA11 -> 100000 | AG44: =S11+W23+AA11 -> 100000 | AK44: Les résultats sont a afficher dans la colonne M
C45: Remboursement maximum | K45: =K43*40% -> 0 | M45: =M43*40% -> 0 | Q45: Montant total nécessaire pour le prêt | S45: =SUM(S43:S44) -> 110875.38 | U45: =SUM(U43:U44) -> 118375.38 | W45: =SUM(W43:W44) -> 118375.38 | Y45: =SUM(Y43:Y44) -> 111875.38 | AA45: =SUM(AA43:AA44) -> 114375.38 | AC45: =SUM(AC43:AC44) -> 110125.38 | AE45: =SUM(AE43:AE44) -> 115875.38 | AG45: =SUM(AG43:AG44) -> 110875.38
AK46: 1000 mois pour chef de famille
E47: 1/1/1 | G47: 3/3/3 | I47: 5/5/5 | K47: 10/5/5 | M47: Fixe | Q47: Crédit foncier - Frais de dossier | S47: =IF(S45<=S49,MAX(250,MIN(1500,S45*0.5%)),IF(S45>S49,MAX(250,MIN(3500,S45*2%)))) -> 2217.5076 | U47: =IF(U45<=U49,MAX(250,MIN(1500,U45*0.5%)),IF(U45>U49,MAX(250,MIN(3500,U45*2%)))) -> 2367.5076 | W47: =IF(W45<=W49,MAX(250,MIN(1500,W45*0.5%)),IF(W45>W49,MAX(250,MIN(3500,W45*2%)))) -> 2367.5076 | Y47: =IF(Y45<=Y49,MAX(250,MIN(1500,Y45*0.5%)),IF(Y45>Y49,MAX(250,MIN(3500,Y45*2%)))) -> 2237.5076 | AA47: =IF(AA45<=AA49,MAX(250,MIN(1500,AA45*0.5%)),IF(AA45>AA49,MAX(250,MIN(3500,AA45*2%)))) -> 2287.5076 | AC47: =IF(AC45<=AC49,MAX(250,MIN(1500,AC45*0.5%)),IF(AC45>AC49,MAX(250,MIN(3500,AC45*2%)))) -> 2202.5076 | AE47: =IF(AE45<=AE49,MAX(250,MIN(1500,AE45*0.5%)),IF(AE45>AE49,MAX(250,MIN(3500,AE45*2%)))) -> 2317.5076 | AG47: =IF(AG45<=AG49,MAX(250,MIN(1500,AG45*0.5%)),IF(AG45>AG49,MAX(250,MIN(3500,AG45*2%)))) -> 2217.5076 | AK47: 850 mois pour un isolé
C48: Future charge du prêt taux variable | K48: =M68 -> 554.60064 | M48: =AE66 -> 0 | Q48: Montant final du prêt | S48: =S45+S47 -> 113092.89 | U48: =U47+U45 -> 120742.89 | W48: =W47+W45 -> 120742.89 | Y48: =Y47+Y45 -> 114112.89 | AA48: =AA47+AA45 -> 116662.89 | AC48: =AC47+AC45 -> 112327.89 | AE48: =AE47+AE45 -> 118192.89 | AG48: =AG47+AG45 -> 113092.89 | AH48: =IF(AH46=0,0,AH39/AH46) -> 0
C49: Solde alimentaire | K49: =K43-K48+M43 -> -554.60064 | M49: =M41-M48+O41 -> 0 | Q49: Garanties immobilières | S49: =S6+AA6+W15+W16+W17+W18 -> 100000 | U49: =S6+AA6+W15+W16+W17+W18 -> 100000 | W49: =S6+AA6+W15+W16+W17+W18 -> 100000 | Y49: =S6+AA6+W15+W16+W17+W18 -> 100000 | AA49: =S6+AA6+W15+W16+W17+W18 -> 100000 | AC49: =S6+AA6+W15+W16+W17+W18 -> 100000 | AE49: =S6+AA6+W15+W16+W17+W18 -> 100000 | AG49: =S6+AA6+W15+W16+W17+W18 -> 100000
Q50: Quotité projet / Total garanties | S50: =IF(S49=0,0,S48/S49) -> 1.1309289 | U50: =IF(U49=0,0,U48/U49) -> 1.2074289 | W50: =IF(W49=0,0,W48/W49) -> 1.2074289 | Y50: =IF(Y49=0,0,Y48/Y49) -> 1.1411289 | AA50: =IF(AA49=0,0,AA48/AA49) -> 1.1666289 | AC50: =IF(AC49=0,0,AC48/AC49) -> 1.1232789 | AE50: =IF(AE49=0,0,AE48/AE49) -> 1.1819289 | AG50: =IF(AG49=0,0,AG48/AG49) -> 1.1309289
Q52: Elantis - Frais de dossier | S52: =CHOOSE(MATCH(S45,{0;30001;250001;500001},1),175,290,500,750) -> 290 | U52: =CHOOSE(MATCH(U45,{0;30001;250001;500001},1),175,290,500,750) -> 290 | W52: =CHOOSE(MATCH(W45,{0;30001;250001;500001},1),175,290,500,750) -> 290 | Y52: =CHOOSE(MATCH(Y45,{0;30001;250001;500001},1),175,290,500,750) -> 290 | AA52: =CHOOSE(MATCH(AA45,{0;30001;250001;500001},1),175,290,500,750) -> 290 | AC52: =CHOOSE(MATCH(AC45,{0;30001;250001;500001},1),175,290,500,750) -> 290 | AE52: =CHOOSE(MATCH(AE45,{0;30001;250001;500001},1),175,290,500,750) -> 290 | AG52: =CHOOSE(MATCH(AG45,{0;30001;250001;500001},1),175,290,500,750) -> 290
Q53: Montant final du prêt | S53: =S45+S52 -> 111165.38 | U53: =U45+U52 -> 118665.38 | W53: =W45+W52 -> 118665.38 | Y53: =Y45+Y52 -> 112165.38 | AA53: =AA45+AA52 -> 114665.38 | AC53: =AC45+AC52 -> 110415.38 | AE53: =AE45+AE52 -> 116165.38 | AG53: =AG45+AG52 -> 111165.38
Q54: Garanties immobilières | S54: =S11+AA11+W20+W21+W22+W23 -> 100000 | U54: =S11+AA11+W20+W21+W22+W23 -> 100000 | W54: =S11+AA11+W20+W21+W22+W23 -> 100000 | Y54: =S11+AA11+W20+W21+W22+W23 -> 100000 | AA54: =S11+AA11+W20+W21+W22+W23 -> 100000 | AC54: =S11+AA11+W20+W21+W22+W23 -> 100000 | AE54: =S11+AA11+W20+W21+W22+W23 -> 100000 | AG54: =S11+AA11+W20+W21+W22+W23 -> 100000
Q55: Quotité projet / Total garanties | S55: =IF(S49=0,0,S53/S54) -> 1.1116538 | U55: =IF(U54=0,0,U53/U54) -> 1.1866538 | W55: =IF(W54=0,0,W53/W54) -> 1.1866538 | Y55: =IF(Y54=0,0,Y53/Y54) -> 1.1216538 | AA55: =IF(AA54=0,0,AA53/AA54) -> 1.1466538 | AC55: =IF(AC54=0,0,AC53/AC54) -> 1.1041538 | AE55: =IF(AE54=0,0,AE53/AE54) -> 1.1616538 | AG55: =IF(AG54=0,0,AG53/AG54) -> 1.1116538
C58: Crédit foncier 1/1/1 Cap 3 | E58: < 80% | G58: 80% - 100% | I58: 100 - 118% | Q58: Elantis 10/5/5 Cap 2 | S58: < 80% | U58: 80% - 100% | W58: 100 - 118%
C60: Durée - mois | E60: Tx annuel | G60: Tx annuel | I60: Tx annuel | K60: Mensualité | O60: Cap 3 | Q60: Durée - mois | S60: Tx annuel | U60: Tx annuel | W60: Tx annuel | Y60: Mensualité | AC60: Cap 3
C62: 10 ans - 120 mois | E62: 0.0368 | G62: 0.0389 | I62: 0.0409 | K62: Revenus | M62: =K43+M43 -> 0 | O62: =M62 -> 0 | Q62: 10 ans - 120 mois | S62: 0.0368 | U62: 0.0389 | W62: 0.0409 | Y62: Revenus | AA62: =Y43+AA43 -> 26250.756 | AC62: =AA62 -> 26250.756
C63: 12 ans - 144 mois | E63: 0.0384 | G63: 0.0404 | I63: 0.0425 | Q63: 12 ans - 144 mois | S63: 0.0384 | U63: 0.0404 | W63: 0.0425
C64: 15 ans - 180 mois | E64: 0.0384 | G64: 0.0404 | I64: 0.0425 | K64: Montant crédit | M64: 100000 | O64: =M64 -> 100000 | Q64: 15 ans - 180 mois | S64: 0.0384 | U64: 0.0404 | W64: 0.0425 | Y64: Montant crédit | AA64: 100000 | AC64: =AA64 -> 100000
C65: 18 ans - 216 mois | E65: 0.0399 | G65: 0.042 | I65: 0.0441 | K65: Taux annuel | M65: 0.03 | O65: =M65+3% -> 0.06 | Q65: 18 ans - 216 mois | S65: 0.0399 | U65: 0.042 | W65: 0.0441 | Y65: Taux annuel | AA65: 0.03 | AC65: =AA65+3% -> 0.06
C66: 20 ans - 240 mois | E66: 0.0399 | G66: 0.042 | I66: 0.0441 | Q66: 20 ans - 240 mois | S66: 0.0399 | U66: 0.042 | W66: 0.0441
C67: 25 ans - 300 mois | E67: 0.0409 | G67: 0.043 | I67: 0.0451 | K67: Nbr d'années | M67: 20 | O67: =M67 -> 20 | Q67: 25 ans - 300 mois | S67: 0.0409 | U67: 0.043 | W67: 0.0451 | Y67: Nbr d'années | AA67: 20 | AC67: =AA67 -> 20
C68: 30 ans - 360 mois | E68: 0.042 | G68: 0.0441 | K68: Mensualité | M68: =-PMT(M65/12,M67*12,M64,1) -> 554.60064 | O68: =-PMT(O65/12,M67*12,O64,1) -> 716.43322 | Q68: 30 ans - 360 mois | S68: 0.042 | U68: 0.0441 | Y68: Mensualité | AA68: =-PMT(AA65/12,AA67*12,AA64,1) -> 554.60064 | AC68: =-PMT(AC65/12,AA67*12,AC64,1) -> 716.43322
C69: 35 ans - 420 mois | E69: 0.043 | G69: 0.0451 | Q69: 35 ans - 420 mois | S69: 0.043 | U69: 0.0451
C70: 40a ns - 480 mois | E70: 0.0441 | G70: 0.0461 | Q70: 40a ns - 480 mois | S70: 0.0441 | U70: 0.0461
C72: Elantis 3/3/3 Cap 2 | E72: < 80% | G72: 80% - 100% | I72: 100 - 118% | Q72: Crédit foncier Taux fixe | S72: < 80% | U72: 80% - 100% | W72: 100 - 118%
C74: Durée - mois | E74: Tx annuel | G74: Tx annuel | I74: Tx annuel | K74: Mensualité | O74: Cap 3 | Q74: Durée - mois | S74: Tx annuel | U74: Tx annuel | W74: Tx annuel | AA74: Mensualité
C76: 10 ans - 120 mois | E76: 0.0368 | G76: 0.0389 | I76: 0.0409 | K76: Revenus | M76: =K63+M63 -> 0 | O76: =M76 -> 0 | Q76: 10 ans - 120 mois | S76: 0.045 | U76: 0.0471 | W76: 0.0492 | AA76: Revenus | AC76: =M76 -> 0
C77: 12 ans - 144 mois | E77: 0.0384 | G77: 0.0404 | I77: 0.0425 | Q77: 12 ans - 144 mois | S77: 0.0472 | U77: 0.0493 | W77: 0.0514
C78: 15 ans - 180 mois | E78: 0.0384 | G78: 0.0404 | I78: 0.0425 | K78: Montant crédit | M78: 100000 | O78: =M78 -> 100000 | Q78: 15 ans - 180 mois | S78: 0.0484 | U78: 0.0505 | W78: 0.0525 | AA78: Montant crédit | AC78: =M78 -> 100000
C79: 18 ans - 216 mois | E79: 0.0399 | G79: 0.042 | I79: 0.0441 | K79: Taux annuel | M79: 0.03 | O79: =M79+3% -> 0.06 | Q79: 18 ans - 216 mois | S79: 0.049 | U79: 0.0511 | W79: 0.0532 | AA79: Taux annuel | AC79: 0.05
C80: 20 ans - 240 mois | E80: 0.0399 | G80: 0.042 | I80: 0.0441 | Q80: 20 ans - 240 mois | S80: 0.049 | U80: 0.0511 | W80: 0.0532
C81: 25 ans - 300 mois | E81: 0.0409 | G81: 0.043 | I81: 0.0451 | K81: Nbr d'années | M81: 20 | O81: =M81 -> 20 | Q81: 25 ans - 300 mois | S81: 0.05 | U81: 0.0521 | W81: 0.0542 | AA81: Nbr d'années | AC81: =M81 -> 20
C82: 30 ans - 360 mois | E82: 0.042 | G82: 0.0441 | K82: Mensualité | M82: =-PMT(M79/12,M81*12,M78,1) -> 554.60064 | O82: =-PMT(O79/12,M81*12,O78,1) -> 716.43322 | Q82: 30 ans - 360 mois | S82: 0.0526 | U82: 0.0547 | AA82: Mensualité | AC82: =-PMT(AC79/12,M81*12,AC78,1) -> 659.95817
C83: 35 ans - 420 mois | E83: 0.043 | G83: 0.0451 | Q83: 35 ans - 420 mois | S83: 0.053 | U83: 0.0551
C84: 40a ns - 480 mois | E84: 0.0441 | G84: 0.0461 | Q84: 40a ns - 480 mois | S84: 0.0532 | U84: 0.0553
C86: Elantis 5/5/5 Cap 2 | E86: < 80% | G86: 80% - 100% | I86: 100 - 118%
C88: Durée - mois | E88: Tx annuel | G88: Tx annuel | I88: Tx annuel | K88: Mensualité | O88: Cap 3
C90: 10 ans - 120 mois | E90: 0.0368 | G90: 0.0389 | I90: 0.0409 | K90: Revenus | M90: =K77+M77 -> 0 | O90: =M90 -> 0
C91: 12 ans - 144 mois | E91: 0.0384 | G91: 0.0404 | I91: 0.0425
C92: 15 ans - 180 mois | E92: 0.0384 | G92: 0.0404 | I92: 0.0425 | K92: Montant crédit | M92: 100000 | O92: =M92 -> 100000
C93: 18 ans - 216 mois | E93: 0.0399 | G93: 0.042 | I93: 0.0441 | K93: Taux annuel | M93: 0.03 | O93: =M93+3% -> 0.06
C94: 20 ans - 240 mois | E94: 0.0399 | G94: 0.042 | I94: 0.0441
C95: 25 ans - 300 mois | E95: 0.0409 | G95: 0.043 | I95: 0.0451 | K95: Nbr d'années | M95: 20 | O95: =M95 -> 20
C96: 30 ans - 360 mois | E96: 0.042 | G96: 0.0441 | K96: Mensualité | M96: =-PMT(M93/12,M95*12,M92,1) -> 554.60064 | O96: =-PMT(O93/12,M95*12,O92,1) -> 716.43322
C97: 35 ans - 420 mois | E97: 0.043 | G97: 0.0451
C98: 40a ns - 480 mois | E98: 0.0441 | G98: 0.0461
AK101: Colonne E = soit chef de famille, soit isolé
AK102: Colonne G = cohabitant
C105: Revenus de chômage | E105: RT | G105: 800 | M105: 630 | AK105: Pour cohabitant maximum 630 si chef de famille RT
C106: Revenus de chômage | E106: RT | G106: 630 | M106: 630 | AK106: Même principe
C107: Revenus de chômage | E107: RT | G107: 500 | M107: 500 | AK107: G 107 = Etant au chômage on ne sait pas emprunter plus que ce qu'on touche comme allocations, chef de famille RT
C108: Revenus de chômage | E108: 1001 | G108: RT | I108: RT= revenu travail | M108: 630 | AK108: Si cohabitant a un RT, chef de famille maximum 630 même si revenu chômage plus élevé
C109: Revenus de chômage | E109: 1001 | G109: 631 | M109: 1000 | AK109: E109 = chef de famille, cohabitant aussi chômage mais on on se base sur les allocations du chef de famille
C110: Revenus de chômage | E110: 1001 | G110: 100 | M110: 1000 | AK110: Idem, E110 = chef de famille, Les 100 du cohabitant sont peur-être un complément à un RT (RT dans autre cellule)
C111: Revenus de chômage | E111: 851 | M111: 850 | AK111: E111 = si emprunteur Isolé
C112: Revenus de chômage | E112: 850 | M112: 850 ou 630 | AK112: E112 = si l'emprunteur est isolé 850, si il est cohabitant 630
C113: Revenus de chômage | E113: 500 | M113: 500 | AK113: Idem et étant au chômage on ne sait pas plus emprunter que ce qu'on touche comme allocation
C114: Revenus de chômage | E114: 850 | G114: 631 | M114: 850 | AK114: E114 = chef de famille
C115: Revenus de chômage | E115: 100 | G115: 100 | M115: 0 ou 100 | AK115: E115 et G115 = les revenus de chômage pourraient être un complément à un revenu de travail
C116: Revenus de chômage
C117: Revenus de chômage
C118: Revenus de chômage
C119: Revenus de chômage
C120: Revenus de chômage
C121: Revenus de chômage
C122: Revenus de chômage
...
